 Dungeon Crawl Stone Soup version 0.29.1-2-gbd0b4ee654 (webtiles) character file.

Game seed: 2941263960719672026

58 Ivernyr the Grasshopper (level 4, -2/39 (40) HPs)
             Began as a Naga Warper on Oct 29, 2022.
             Slain by a goblin
             ... wielding the +5 dagger "Boij" {drain, Str+4 Stlth+}
             ... led by Robin
              (6 damage)
             ... on level 2 of the Dungeon.
             The game lasted 00:05:40 (1440 turns).

Ivernyr the Grasshopper (Naga Warper)               Turns: 1440, Time: 00:05:41

HP:   -2/39 (40)    AC:  4    Str: 13    XL:     4   Next: 1%
MP:   4/7           EV:  9    Int: 15    God:
Gold: 64            SH:  0    Dex: 11    Spells: 2/7 levels left

rFire   . . .      SeeInvis +   a - +0 mace
rCold   . . .      Faith    .   (no shield)
rNeg    . . .      Spirit   .   b - +0 leather armour
rPois   +          Reflect  .   m - +0 helmet
rElec   .          Harm     .   (no cloak)
rCorr   .          Rampage  .   (no gloves)
Will    .....                   (no barding)
Stlth   +.........              (no amulet)
HPRegen 0.13/turn               (no ring)
MPRegen 0.10/turn               (no ring)

@: short of breath, lightly drained, very slow
A: AC +1, large, see invisible, deformed body, poison resistance, slowness 2,
spit poison 1, naga tail 1
a: Spit Poison


You were on level 2 of the Dungeon.
You visited 1 branch of the dungeon, and saw 2 of its levels.

You collected 64 gold pieces.

Inventory:

Hand Weapons
 a - a +0 mace (weapon)
Missiles
 d - 6 boomerangs of dispersal (quivered)
Armour
 b - a +0 leather armour (worn)
 m - a +0 helmet (worn)
Scrolls
 c - 2 scrolls of blinking
 f - a scroll of enchant weapon {unknown}
 g - 3 scrolls of identify {unknown}
 h - a scroll of amnesia {unknown}
 i - a scroll of poison {unknown}
 k - 2 scrolls of vulnerability {unknown}
 l - a scroll of fear {unknown}
Potions
 e - a potion of flight {unknown}
 j - a potion of curing {unknown}


   Skills:
 + Level 2.5 Fighting
 - Level 2.0 Maces & Flails
 - Level 0.8 Throwing
 + Level 1.5 Armour
 - Level 1.5 Dodging
 + Level 2.4 Spellcasting
 * Level 3.7 Translocations


You had 2 spell levels left.
You knew the following spells:

 Your Spells              Type           Power      Damage    Failure   Level
a - Blink                 Tloc           26%        N/A       9%          2
b - Gell's Gravitas       Tloc           13%        N/A       17%         3

Your spell library contained the following spells:

 Spells                   Type           Power      Damage    Failure   Level
 Lesser Beckoning         Tloc           13%        N/A       17%         3
 Teleport Other           Tloc           13%        N/A       17%         3
 Conjure Flame            Conj/Fire      1%         6-21      63%         3
 Ignite Poison            Fire/Tmut/Pois 1%         N/A       63%         3
 Manifold Assault         Tloc           13%        N/A       85%         5
 Sticky Flame             Conj/Fire      1%         2d3       95%         4


Dungeon Overview and Level Annotations

Branches:
Dungeon (2/15)

Altars:


Innate Abilities, Weirdness & Mutations

Your serpentine skin is tough. (AC +1)
You have supernaturally acute eyesight. (SInv)
Armour fits poorly on your strangely shaped body.
Your system is resistant to poisons. (rPois)
You cover ground very slowly.
You can spit poison.
You have a snake-like lower body.


Message History

The worm is lightly wounded.
You barely miss the worm.
The worm is lightly wounded.
You have got your breath back.
The worm bites you.
You hit the worm.
The worm is moderately wounded.
The worm bites you!
* * * LOW HITPOINT WARNING * * *
Casting: Blink (safe; 9% risk of failure)
Confirm with . or Enter, or press ? or * to list all spells.
You blink.
Aiming: Spit Poison (2% risk of failure)
Press: ? - help, Shift-Dir - straight line, f - worm
Aim: a worm (lightly wounded, 86% to hit)
The splash of poison hits the worm!
The worm is poisoned.
The worm is severely wounded.
You have got your breath back.
You feel stable enough to blink again.
Casting: Blink (safe; 9% risk of failure)
Confirm with . or Enter, or press ? or * to list all spells.
You blink.
The worm looks more healthy.
Aiming: Spit Poison (2% risk of failure)
Press: ? - help, Shift-Dir - straight line, f/p - worm
Aim: a worm (severely wounded, 86% to hit)
The splash of poison hits the worm.
The worm is poisoned.
You kill the worm!
You have reached level 4!
You feel agile.
You feel stable enough to blink again.
You have got your breath back.
Aiming: Spit Poison (1% risk of failure)
Press: ? - help, Shift-Dir - straight line, f - goblin
Aim: a goblin, wielding the +5 dagger "Boij" {drain, Str+4 Stlth+} (50% to hit)
The splash of poison misses the goblin.
You see here a scroll labelled IMIMIH OCLURGHO.
The goblin attacks as you move away! The goblin hits you but does no damage.
You feel drained.
The goblin hits you with the +5 dagger "Boij" {drain, Str+4 Stlth+}.
You die...

#..J.....†# #.#
#..## #.#####)..##
## #.###..........#
.. #
#....<####...!...#
.#
.#.###.#####...##.##
.# #.# #g#
#......w..# .# #.#
#.# #.##.####..# .#
#.# #.# #.##@# ..
g###.# #.# #.##g#
gg)<)# #.###.##.#
###### #........#
#####.#### #.# #.#
#.. ###


You could see a goblin.

Vanquished Creatures
  Robin (D:1)
  A worm (D:2)
  A dart slug (D:1)
  3 ball pythons (D:1)
  2 endoplasms
  4 giant cockroaches (D:1)
  6 goblins
  4 hobgoblins
  5 kobolds (D:1)
  2 quokkas (D:1)
  3 bats (D:1)
  A frilled lizard (D:1)
  4 rats
37 creatures vanquished.

Notes
Turn   | Place    | Note
-------+----------+-------------------------------------------
     0 | D:1      | Ivernyr the Naga Warper began the quest for the Orb.
     0 | D:1      | Reached XP level 1. HP: 19/19 MP: 3/3
   320 | D:1      | Reached skill level 1 in Armour
   320 | D:1      | Reached XP level 2. HP: 24/26 MP: 5/5
   373 | D:1      | Learned a level 2 spell: Blink
   759 | D:1      | Reached XP level 3. HP: 31/32 MP: 6/6
   842 | D:1      | Found a faded altar of an unknown god.
  1077 | D:2      | Learned a level 3 spell: Gell's Gravitas
  1100 | D:2      | Noticed Robin
  1110 | D:2      | Identified the +5 dagger "Boij" {drain, Str+4 Stlth+}
  1121 | D:1      | Killed Robin
  1424 | D:2      | HP: 1/33 [worm (11)]
  1432 | D:2      | Reached XP level 4. HP: 3/40 MP: 2/7
  1440 | D:2      | Slain by a goblin

Illustrated notes

Levels and vault maps discovered:
D:1:      nicolae_arrival_memento_mori, layout_basic,
          shapermc_ecumenical_altar_petra, st_stairs_6, nrook_uturn
D:2:      layout_loops_ring, minmay_fractal_squares_gapless_5, uniq_robin

Skill      XL: |  1 |
---------------+----+-----
Armour         | 1 |  1.5
Fighting       | |  2.5
Maces & Flails | |  2.0
Throwing       | |  0.8
Dodging        | |  1.5
Spellcasting   | |  2.4
Translocations | |  3.7

Action                   |  1- 3 |  4- 6 || total
-------------------------+-------+-------++-------
Melee: Mace              |    71 |       ||    71
Throw: Boomerang         |     1 |       ||     1
 Cast: Blink             |     4 |       ||     4
 Abil: Spit Poison       |    34 |     1 ||    35
Armor: Leather armour    |    23 |     1 ||    24
Dodge: Dodged            |    43 |       ||    43
